 Dungeon Crawl Stone Soup version 0.31.0-11-ge490571c62 (webtiles) character file.

Game seed: 1189106561622215910

8 Gadfly the Trooper (level 2, 13/24 HPs)
             Began as a Demonspawn Monk on Feb 1, 2024.
             Quit the game on level 1 of the Dungeon.
             The game lasted 00:00:53 (365 turns).

Gadfly the Trooper (Demonspawn Monk)                 Turns: 365, Time: 00:00:53

Health: 13/24      AC:  2    Str: 11    XL:     2   Next: 0%
Magic:  2/2        EV: 13    Int: 10    God:
Gold:   23         SH:  0    Dex: 15    Spells: 1/1 levels left

rFire   . .          .
                       - Unarmed
rCold   . . .        c - orb {light}
rNeg    . . .        a - +0 robe
rPois   .            (no helmet)
rElec   .            (no cloak)
rCorr   .            (no gloves)
SInv    .            (no boots)
Will    .....        (no amulet)
Stlth   +            (no ring)
HPRegen 0.24/turn    (no ring)
MPRegen 0.08/turn

%: no passive effects
@: glowing
A: powered by pain 1
a: no special abilities


You were on level 1 of the Dungeon.
You visited 1 branch of the dungeon, and saw 1 of its levels.

You collected 23 gold pieces.

Inventory:

Armour
 a - a +0 robe (worn)
 c - an orb of light (worn)
Scrolls
 d - a scroll of identify {unknown}
Potions
 b - a potion of ambrosia


   Skills:
 - Level 3.0 Fighting
 + Level 2.7 Dodging
 * Level 2.8 Unarmed Combat
 * Level 0.8 Invocations
 * Level 0.5 Evocations
 * Level 0.3 Shapeshifting


You had one spell level left.
You didn't know any spells.
Your spell library contained the following spells:

 Spells                   Type           Power      Damage    Failure   Level
 Sublimation of Blood     Necr           0%         N/A       50%         2
 Petrify                  Alch/Erth      0%         N/A       98%         4
 Irradiate                Conj/Alch      0%         3d11      100%        5


Dungeon Overview and Level Annotations

Branches:
Dungeon (1/15)

Altars:

Shops:
D:1 :


Innate Abilities, Weirdness & Mutations

You sometimes gain a little power by taking damage.


Message History

You hit the rat but do no damage.
The rat is moderately wounded.
The rat closely misses you.
You barely miss the rat.
The rat is moderately wounded.
The rat bites you.
You hit the rat.
You kill the rat!
You now have 23 gold pieces (gained 10).
d - a scroll labelled RICSAN DAOSK No target in view!
A jackal comes into view.
The jackal barks!
You hear a bark!
The jackal moves out of view.
A jackal comes into view.
A jackal is nearby!
The jackal bites you but does no damage.
You hit the jackal.
The jackal is lightly wounded.
The jackal bites you. The jackal barely misses you.
You hit the jackal but do no damage.
The jackal is lightly wounded.
The jackal bites you.
The jackal bites you but does no damage.
You barely miss the jackal.
The jackal is lightly wounded.
The jackal closely misses you. The jackal barely misses you.
The jackal bites you.
You hit the jackal.
The jackal is almost dead.
A jackal comes into view.
The jackal closely misses you. The jackal bites you. The jackal misses you.
The jackal barks!
You hit the jackal.
You kill the jackal!
The jackal barely misses you.
You have reached level 2!
Your demonic ancestry asserts itself...
You feel energised by your suffering.
Are you sure you want to abandon this character and quit the game? (Confirm with "yes".)

##'## #.###.##.#
#...## #.# #.##.#
.....## #.###.##.#
......## ##........#
...∩...####...##.####
.......+.......#.#
.......####...##.#
......## ##.###.#
.....## ### #@#
#...## .......†h#
##+## .###.....#
#.###.# #h .# . .# #
##


You could see 2 jackals.

Vanquished Creatures
  2 bats (D:1)
  A goblin (D:1)
  A hobgoblin (D:1)
  A jackal (D:1)
  A quokka (D:1)
  A rat (D:1)
7 creatures vanquished.

Notes
Turn   | Place    | Note
-------+----------+-------------------------------------------
     0 | D:1      | Gadfly the Demonspawn Monk began the quest for the Orb.
     0 | D:1      | Reached XP level 1. HP: 18/18 MP: 1/1
   284 | D:1      | Found Sawaoniu's Book Boutique.
   365 | D:1      | Gained mutation: You sometimes gain a little power by
                  | taking damage. [demonic ancestry]
   365 | D:1      | Reached XP level 2. HP: 13/24 MP: 2/2
   365 | D:1      | Quit the game

Illustrated notes

Levels and vault maps discovered:
D:1:      dpeg_arrival_arbitrary_b, layout_loops_corners, serial_shops, shop,
          dreamdust_ecumenical_altar_hidden_monk_grotto, minivault_23

Action                     || total
---------------------------++-------
  Melee: Unarmed           ||    31
 Armour: Robe              ||    23
  Dodge: Dodged            ||    31
